SNL (28 & UNDER)
KEY WEST BARRACUDAS @ BEAUMONT ROUGHNECKS
06/26/2030
 
TOP OF THE 1ST
Key West Barracudas batting - Pitching for Beaumont Roughnecks : LHP Manuel Santiago
Pitching: LHP Manuel Santiago
Batting: RHB Ramiro Javier 0-0: Called Strike
0-1: Ball
1-1: Ball
2-1: Swinging Strike
2-2: Ball
3-2: Strikes out swinging
Batting: RHB Ramón Díaz 0-0: Ball
1-0: Fly out, F9 (Flyball, 9)
Batting: RHB Rob DeWitt 0-0: Called Strike
0-1: Foul Ball, location: 2F
0-2: Ball
1-2: Fly out, F9 (Line Drive, 9LM)
Top of the 1st over - 0 runs, 0 hits, 0 errors, 0 left on base; Key West 0 - Beaumont 0
BOTTOM OF THE 1ST
Beaumont Roughnecks batting - Pitching for Key West Barracudas : RHP Kade Coleman
Pitching: RHP Kade Coleman
Batting: RHB John James 0-0: Fly out, F3 (Popup, 3S)
Batting: RHB Jim MacAchounich 0-0: Ground out 6-3 (Groundball, 6)
Batting: RHB Jeff Mason 0-0: Ball
1-0: Ball
2-0: Ball
3-0: Called Strike
3-1: Foul Ball, location: 2F
3-2: Strikes out swinging
Bottom of the 1st over - 0 runs, 0 hits, 0 errors, 0 left on base; Key West 0 - Beaumont 0
TOP OF THE 2ND
Key West Barracudas batting - Pitching for Beaumont Roughnecks : LHP Manuel Santiago
Batting: RHB Cris Lugo 0-0: Foul Ball, location: 2F
0-1: Called Strike
0-2: Ball
1-2: Strikes out swinging
Batting: SHB Júlio Ayala 0-0: Ground out 1-3 (Groundball, 13S)
Batting: LHB Howard White 0-0: Foul Ball, location: 2F
0-1: Foul Ball, location: 2F
0-2: Ground out U3 (Groundball, 34S)
Top of the 2nd over - 0 runs, 0 hits, 0 errors, 0 left on base; Key West 0 - Beaumont 0
BOTTOM OF THE 2ND
Beaumont Roughnecks batting - Pitching for Key West Barracudas : RHP Kade Coleman
Batting: LHB Roberto Félix 0-0: Ball
1-0: Ball
2-0: Swinging Strike
2-1: Swinging Strike
2-2: Foul Ball, location: 2F
2-2: Ball
3-2: Strikes out swinging
Batting: SHB Scott Cox 0-0: Ball
1-0: Called Strike
1-1: Foul Ball, location: 2F
1-2: Ball
2-2: Ball
3-2: Base on Balls
Batting: RHB John Wilson 0-0: Called Strike
0-1: Called Strike
0-2: Foul Ball, location: 2F
0-2: Foul Ball, location: 2F
0-2: Fly out, F3 (Popup, 3)
Batting: RHB António Aguilar 0-0: Called Strike
0-1: Fly out, F9 (Line Drive, 89M)
Bottom of the 2nd over - 0 runs, 0 hits, 0 errors, 1 left on base; Key West 0 - Beaumont 0
TOP OF THE 3RD
Key West Barracudas batting - Pitching for Beaumont Roughnecks : LHP Manuel Santiago
Batting: RHB Anastasio Zartuche 0-0: Called Strike
0-1: SINGLE (Groundball, 34S) (infield hit)
Batting: LHB Mauro Díaz 0-0: Swinging Strike
0-1: Foul Ball, location: 2F
0-2: Ball
1-2: Ball
2-2: Strikes out swinging
Batting: SHB Eric Pimentel 0-0: Ball
1-0: Ball
2-0: Called Strike
2-1: Called Strike
2-2: Foul Ball, location: 2F
2-2: Foul Ball, location: 2F
2-2: Fly out, F9 (Line Drive, 9S)
Batting: RHB Ramiro Javier 0-0: Ball
1-0: Ball
2-0: Ball
3-0: Called Strike
3-1: Swinging Strike
3-2: Ground out 5-3 (Groundball, 56S)
Top of the 3rd over - 0 runs, 1 hit, 0 errors, 1 left on base; Key West 0 - Beaumont 0
BOTTOM OF THE 3RD
Beaumont Roughnecks batting - Pitching for Key West Barracudas : RHP Kade Coleman
Batting: RHB Miguel Costa 0-0: Called Strike
0-1: Ball
1-1: Ball
2-1: Ground out 5-3 (Groundball, 56)
Batting: SHB Walton Locke 0-0: Called Strike
0-1: Called Strike
0-2: Ball
1-2: Ball
2-2: Ball
3-2: Base on Balls
Batting: RHB John James 0-0: Foul Ball, location: 2F
0-1: Ball
1-1: SINGLE (Line Drive, 7S)
Walton Locke to second
Batting: RHB Jim MacAchounich 0-0: SINGLE (Line Drive, 7S)
Walton Locke to third
John James to second
Batting: RHB Jeff Mason 0-0: Called Strike
0-1: Called Strike
0-2: Strikes out swinging
Batting: LHB Roberto Félix 0-0: Called Strike
0-1: Ball
1-1: Called Strike
1-2: Strikes out swinging
Bottom of the 3rd over - 0 runs, 2 hits, 0 errors, 3 left on base; Key West 0 - Beaumont 0
TOP OF THE 4TH
Key West Barracudas batting - Pitching for Beaumont Roughnecks : LHP Manuel Santiago
Batting: RHB Ramón Díaz 0-0: Ball
1-0: Fly out, F3 (Popup, 23F)
Batting: RHB Rob DeWitt 0-0: Ground out 5-3 (Groundball, 56)
Batting: RHB Cris Lugo 0-0: Ball
1-0: Called Strike
1-1: Ball
2-1: Ball
3-1: Fly out, F7 (Flyball, 78D)
Top of the 4th over - 0 runs, 0 hits, 0 errors, 0 left on base; Key West 0 - Beaumont 0
BOTTOM OF THE 4TH
Beaumont Roughnecks batting - Pitching for Key West Barracudas : RHP Kade Coleman
Batting: SHB Scott Cox 0-0: Ball
1-0: Fly out, F3 (Popup, 3D)
Batting: RHB John Wilson 0-0: Called Strike
0-1: Ball
1-1: Ball
2-1: Ball
3-1: Fly out, F8 (Line Drive, 8RM)
Batting: RHB António Aguilar 0-0: Ball
1-0: Called Strike
1-1: Foul Ball, location: 2F
1-2: Ball
2-2: Ground out 4-3 (Groundball, 4)
Bottom of the 4th over - 0 runs, 0 hits, 0 errors, 0 left on base; Key West 0 - Beaumont 0
TOP OF THE 5TH
Key West Barracudas batting - Pitching for Beaumont Roughnecks : LHP Manuel Santiago
Batting: SHB Júlio Ayala 0-0: Swinging Strike
0-1: Ball
1-1: Foul Ball, location: 2F
1-2: Ball
2-2: Fly out, F7 (Line Drive, 78M)
Batting: LHB Howard White 0-0: Ball
1-0: Ball
2-0: Ball
3-0: Base on Balls
Batting: RHB Anastasio Zartuche 0-0: Called Strike
0-1: Swinging Strike
0-2: Fly out, F7 (Flyball, 7LS)
Batting: LHB Mauro Díaz 0-0: Ball
1-0: Ball
2-0: Foul Ball, location: 2F
2-1: Foul Ball, location: 2F
2-2: SINGLE (Groundball, 4S) (infield hit)
Howard White to second
Batting: SHB Eric Pimentel 0-0: Foul Ball, location: 2F
0-1: Ground out 4-3 (Groundball, 34)
Top of the 5th over - 0 runs, 1 hit, 0 errors, 2 left on base; Key West 0 - Beaumont 0
BOTTOM OF THE 5TH
Beaumont Roughnecks batting - Pitching for Key West Barracudas : RHP Kade Coleman
Batting: RHB Miguel Costa 0-0: Ball
1-0: Ball
2-0: Swinging Strike
2-1: Foul Ball, location: 2F
2-2: Strikes out looking
Batting: SHB Walton Locke 0-0: Called Strike
0-1: Called Strike
0-2: Ball
1-2: Ball
2-2: Ball
3-2: Fly out, F3 (Popup, 23F)
Batting: RHB John James 0-0: Ball
1-0: Ball
2-0: Ball
3-0: Base on Balls
Batting: RHB Jim MacAchounich 0-0: Ball
1-0: Called Strike
1-1: Foul Ball, location: 2F
1-2: Ball
2-2: Ball
3-2: Foul Ball, location: 2F
3-2: Ground out 4-3 (Groundball, 4M)
Bottom of the 5th over - 0 runs, 0 hits, 0 errors, 1 left on base; Key West 0 - Beaumont 0
TOP OF THE 6TH
Key West Barracudas batting - Pitching for Beaumont Roughnecks : LHP Manuel Santiago
Batting: RHB Ramiro Javier 0-0: Ball
1-0: Ball
2-0: Ground out 6-3 (Groundball, 6)
Batting: RHB Ramón Díaz 0-0: Called Strike
0-1: Called Strike
0-2: DOUBLE (Flyball, 89D)
Pitching: RHP Enrique Paredes
Batting: RHB Rob DeWitt 0-0: Fly out, F6 (Line Drive, 6M)
Lined into DP, U6 (Line Drive, 6M)
Top of the 6th over - 0 runs, 1 hit, 0 errors, 0 left on base; Key West 0 - Beaumont 0
BOTTOM OF THE 6TH
Beaumont Roughnecks batting - Pitching for Key West Barracudas : RHP Kade Coleman
Batting: RHB Jeff Mason 0-0: Ball
1-0: Ball
2-0: DOUBLE (Line Drive, 7D)
Pitching: RHP José Cuellar
Batting: LHB Roberto Félix 0-0: Called Strike
0-1: Foul Ball, location: 2F
0-2: Strikes out swinging
Batting: SHB Scott Cox 0-0: Foul Ball, location: 2F
0-1: Ball
1-1: Ball
2-1: Ball
3-1: DOUBLE (Line Drive, 9LM)
Jeff Mason scores
Batting: RHB John Wilson 0-0: SINGLE (Groundball, 56D)
Scott Cox to third
Batting: RHB António Aguilar 0-0: Ball
1-0: Foul Ball, location: 2F
1-1: Foul Ball, location: 2F
1-2: Strikes out swinging
Batting: RHB Miguel Costa 0-0: Ball
1-0: Swinging Strike
1-1: Swinging Strike
1-2: Foul Ball, location: 2F
1-2: Ball
2-2: Strikes out swinging
Bottom of the 6th over - 1 run, 3 hits, 0 errors, 2 left on base; Key West 0 - Beaumont 1
TOP OF THE 7TH
Key West Barracudas batting - Pitching for Beaumont Roughnecks : RHP Enrique Paredes
Batting: RHB Cris Lugo 0-0: Ball
1-0: Called Strike
1-1: Ball
2-1: SINGLE (Line Drive, 56D)
Batting: SHB Júlio Ayala 0-0: Ball
Passed Ball!
Cris Lugo to second
1-0: Foul Ball, location: 2F
1-1: Swinging Strike
1-2: Ball
2-2: Foul Ball, location: 2F
2-2: Foul Ball, location: 2F
2-2: Strikes out looking
Batting: LHB Howard White 0-0: Ball
1-0: Fly out, F9 (Flyball, 8RS)
Batting: RHB Anastasio Zartuche 0-0: Ball
1-0: Foul Ball, location: 2F
1-1: Foul Ball, location: 2F
1-2: Strikes out swinging
Top of the 7th over - 0 runs, 1 hit, 0 errors, 1 left on base; Key West 0 - Beaumont 1
BOTTOM OF THE 7TH
Beaumont Roughnecks batting - Pitching for Key West Barracudas : RHP José Cuellar
Batting: SHB Walton Locke 0-0: Fly out, F8 (Line Drive, 8RM)
Batting: RHB John James 0-0: Ball
1-0: Ground out 4-3 (Groundball, 4)
Batting: RHB Jim MacAchounich 0-0: Called Strike
0-1: Ball
1-1: Ball
2-1: Ball
3-1: SINGLE (Line Drive, 4D)
Batting: RHB Jeff Mason 0-0: Ball
1-0: Foul Ball, location: 2F
1-1: Called Strike
1-2: Ball
2-2: Strikes out swinging
Bottom of the 7th over - 0 runs, 1 hit, 0 errors, 1 left on base; Key West 0 - Beaumont 1
TOP OF THE 8TH
Key West Barracudas batting - Pitching for Beaumont Roughnecks : RHP Enrique Paredes
Batting: LHB Mauro Díaz 0-0: Called Strike
0-1: Ball
1-1: Swinging Strike
1-2: Foul Ball, location: 2F
1-2: Foul Ball, location: 2F
1-2: Strikes out swinging, 2-3 out at first.
Batting: SHB Eric Pimentel 0-0: Swinging Strike
0-1: Ball
1-1: Ball
2-1: Called Strike
2-2: Ball
3-2: Strikes out looking
Batting: RHB Ramiro Javier 0-0: Ball
1-0: Ball
2-0: SINGLE (Groundball, 4M) (infield hit)
Batting: RHB Ramón Díaz 0-0: Foul Ball, location: 2F
0-1: Called Strike
0-2: Ground out 6-3 (Groundball, 6M)
Top of the 8th over - 0 runs, 1 hit, 0 errors, 1 left on base; Key West 0 - Beaumont 1
BOTTOM OF THE 8TH
Beaumont Roughnecks batting - Pitching for Key West Barracudas : RHP José Cuellar
Batting: LHB Roberto Félix 0-0: Foul Ball, location: 2F
0-1: Ground out 6-3 (Groundball, 6S)
Batting: SHB Scott Cox 0-0: Called Strike
0-1: Foul Ball, location: 2F
0-2: Fly out, F9 (Line Drive, 9)
Batting: RHB John Wilson 0-0: Ball
1-0: Called Strike
1-1: Foul Ball, location: 2F
1-2: Strikes out looking
Bottom of the 8th over - 0 runs, 0 hits, 0 errors, 0 left on base; Key West 0 - Beaumont 1
TOP OF THE 9TH
Key West Barracudas batting - Pitching for Beaumont Roughnecks : RHP Enrique Paredes
Pinch Hitting: LHB Juan Lima 0-0: Ball
1-0: Ball
2-0: Ball
3-0: Called Strike
3-1: Base on Balls
Batting: RHB Cris Lugo 0-0: Swinging Strike
0-1: Swinging Strike
0-2: Strikes out swinging
Batting: SHB Júlio Ayala 0-0: Ball
1-0: SINGLE (Line Drive, 3)
Juan Lima to second
Batting: LHB Howard White 0-0: Foul Ball, location: 2F
0-1: Ball
1-1: Ball
2-1: Ball
3-1: Called Strike
3-2: Base on Balls
Juan Lima to third
Júlio Ayala to second
Pitching: RHP James Edwards
Batting: RHB Anastasio Zartuche 0-0: Called Strike
0-1: Ball
1-1: Swinging Strike
1-2: Ball
2-2: Grounds into fielders choice 5-2 (Groundball, 5L)
Júlio Ayala to third
Howard White to second
Batting: LHB Mauro Díaz 0-0: Ball
1-0: Foul Ball, location: 2F
1-1: Ball
2-1: Foul Ball, location: 2F
2-2: Strikes out swinging
Top of the 9th over - 0 runs, 1 hit, 0 errors, 3 left on base; Key West 0 - Beaumont 1
Saturday, April 7th, 2018 - OOTP Baseball 18.8 Build 76